TOP OF THE 1ST |
Baltimore Orioles batting - Pitching for Oakland Athletics : RHP Dan Larson
|
Pitching: RHP Dan Larson
|
|
Batting: SHB Willie McGee
|
0-0: Ball 1-0: Ball 2-0: Called Strike 2-1: Ball 3-1: Swinging Strike 3-2: Strikes out swinging, 2-3 out at first.
|
Batting: SHB Johnny Ray
|
0-0: Ball 1-0: Called Strike 1-1: Called Strike 1-2: Ball 2-2: Ball 3-2: Fly out, F8 (Line Drive, 8RM, EV 100.0 MPH)
|
Batting: LHB Dave Parker
|
0-0: Ball 1-0: Swinging Strike 1-1: Called Strike 1-2: Ground out 4-3 (Groundball, 4, EV 80.6 MPH)
|
Top of the 1st over - 0 runs, 0 hits, 0 errors, 0 left on base; Baltimore 0 - Oakland 0 |
BOTTOM OF THE 1ST |
Oakland Athletics batting - Pitching for Baltimore Orioles : RHP Andrew Castillo
|
Pitching: RHP Andrew Castillo
|
|
Batting: RHB Scott Fletcher
|
0-0: Ball 1-0: Ball 2-0: Foul Ball, location: 2F 2-1: Foul Ball, location: 2F 2-2: Foul Ball, location: 2F 2-2: Ball 3-2: Base on Balls
|
Batting: LHB Ruppert Jones
|
0-0: Ball 1-0: Swinging Strike 1-1: Foul Ball, location: 2F 1-2: Ball 2-2: Strikes out swinging
|
Batting: RHB Dave Henderson
|
0-0: Called Strike 0-1: Ball 1-1: Called Strike 1-2: Foul Ball, location: 2F 1-2: Ball 2-2: Ball 3-2: Base on Balls Scott Fletcher to second
|
Batting: LHB Reggie Jackson
|
0-0: Ball 1-0: Swinging Strike 1-1: Foul Ball, location: 2F 1-2: Fly out, F8 (Flyball, 8RM, EV 88.1 MPH)
|
Batting: RHB George Hendrick
|
0-0: Ball 1-0: Ball 2-0: Fly out, F8 (Flyball, 8RS, EV 93.1 MPH)
|
Bottom of the 1st over - 0 runs, 0 hits, 0 errors, 2 left on base; Baltimore 0 - Oakland 0 |
TOP OF THE 2ND |
Baltimore Orioles batting - Pitching for Oakland Athletics : RHP Dan Larson
|
Batting: RHB Dwight Evans
|
0-0: Ball 1-0: Foul Ball, location: 2F 1-1: Ball 2-1: Swinging Strike 2-2: Ball 3-2: Fly out, F4 (Flyball, 4MD, EV 84.4 MPH)
|
Batting: LHB Fred Lynn
|
0-0: Ball 1-0: Foul Ball, location: 2F 1-1: Foul Ball, location: 2F 1-2: Ball 2-2: Ground out 6-3 (Groundball, 6, EV 84.4 MPH)
|
Batting: SHB Steve R Ontiveros
|
0-0: Ball 1-0: Called Strike 1-1: Ball 2-1: Foul Ball, location: 2F 2-2: Ball 3-2: SINGLE (Groundball, 15S, EV 72.5 MPH) (infield hit)
|
Batting: RHB Matt Rice
|
0-0: Ball 1-0: Ball 2-0: Called Strike 2-1: Fielders Choice at 2nd, 6-4 (Groundball, 6, EV 92.5 MPH)
|
Top of the 2nd over - 0 runs, 1 hit, 0 errors, 1 left on base; Baltimore 0 - Oakland 0 |
BOTTOM OF THE 2ND |
Oakland Athletics batting - Pitching for Baltimore Orioles : RHP Andrew Castillo
|
Batting: RHB Earl C Williams
|
0-0: Ball 1-0: Ball 2-0: Called Strike 2-1: SINGLE (Groundball, 6D, EV 106.3 MPH)
|
Batting: LHB Ben Oglivie
|
0-0: Called Strike 0-1: Sac Bunt to 2R - play at first, batter OUT! 2-3 Earl C Williams to second
|
Batting: RHB Barry Evans
|
0-0: SINGLE (Groundball, 56D, EV 98.1 MPH) Earl C Williams to third Runner from 3rd tries for Home, SAFE, throw by LF to home Barry Evans to second
|
Batting: RHB Fred Andrews
|
0-0: Ball 1-0: Foul Ball, location: 2F 1-1: Ball 2-1: Ball 3-1: Fly out, F7 (Flyball, 78D, EV 79.4 MPH)
|
Batting: RHB Scott Fletcher
|
0-0: Ground out 6-3 (Groundball, 56, EV 90.6 MPH)
|
Bottom of the 2nd over - 1 run, 2 hits, 0 errors, 1 left on base; Baltimore 0 - Oakland 1 |
TOP OF THE 3RD |
Baltimore Orioles batting - Pitching for Oakland Athletics : RHP Dan Larson
|
Batting: RHB Jim Sundberg
|
0-0: Called Strike 0-1: Ground out 5-3 (Groundball, 56S, EV 81.3 MPH)
|
Batting: RHB Garth Iorg
|
0-0: Fly out, F9 (Line Drive, 9D, EV 91.9 MPH)
|
Batting: SHB Willie McGee
|
0-0: Ball 1-0: Called Strike 1-1: Ball 2-1: Ball 3-1: Foul Ball, location: 2F 3-2: Foul Ball, location: 2F 3-2: Foul Ball, location: 2F 3-2: Fly out, F8 (Flyball, 8LD, EV 100.0 MPH)
|
Top of the 3rd over - 0 runs, 0 hits, 0 errors, 0 left on base; Baltimore 0 - Oakland 1 |
BOTTOM OF THE 3RD |
Oakland Athletics batting - Pitching for Baltimore Orioles : RHP Andrew Castillo
|
Batting: LHB Ruppert Jones
|
0-0: Ball 1-0: Called Strike 1-1: Ball 2-1: SINGLE (Groundball, 25, EV 67.5 MPH) (infield hit)
|
Batting: RHB Dave Henderson
|
0-0: Swinging Strike 0-1: Ball 1-1: Foul Ball, location: 2F 1-2: Foul Ball, location: 2F 1-2: Fly out, F2 (Popup, 23F, EV 83.1 MPH)
|
Batting: LHB Reggie Jackson
|
0-0: Ball 1-0: Ball 2-0: Fly out, F7 (Flyball, 7S, EV 76.9 MPH)
|
Batting: RHB George Hendrick
|
0-0: Ball Ruppert Jones steals 2nd, throwing error, E2 Ruppert Jones to third 1-0: Called Strike 1-1: Swinging Strike 1-2: Foul Ball, location: 2F 1-2: Strikes out looking
|
Bottom of the 3rd over - 0 runs, 1 hit, 1 error, 1 left on base; Baltimore 0 - Oakland 1 |
TOP OF THE 4TH |
Baltimore Orioles batting - Pitching for Oakland Athletics : RHP Dan Larson
|
Batting: SHB Johnny Ray
|
0-0: Ball 1-0: Called Strike 1-1: Ball 2-1: Foul Ball, location: 2F 2-2: Ball 3-2: Foul Ball, location: 2F 3-2: Base on Balls
|
Batting: LHB Dave Parker
|
0-0: Called Strike 0-1: Ball 1-1: Ball 2-1: SINGLE (Flyball, 6D, EV 94.4 MPH) Johnny Ray to second
|
Batting: RHB Dwight Evans
|
0-0: Ball 1-0: Called Strike 1-1: SINGLE (Line Drive, 6MD, EV 107.5 MPH) Johnny Ray to third Dave Parker to second Runner from 3rd tries for Home, SAFE, throw by CF to home
|
Batting: LHB Fred Lynn
|
0-0: Called Strike 0-1: Foul Ball, location: 2F 0-2: Ball 1-2: Fly out, F8 (Flyball, 8RS, EV 89.4 MPH)
|
Batting: SHB Steve R Ontiveros
|
0-0: Called Strike 0-1: Ball 1-1: Foul Ball, location: 2F 1-2: Ball 2-2: Strikes out swinging
|
Batting: RHB Matt Rice
|
0-0: Ball 1-0: SINGLE (Groundball, 34, EV 106.9 MPH) Dave Parker to third Dwight Evans to second Runner from 3rd tries for Home, SAFE, throw by RF to home
|
Batting: RHB Jim Sundberg
|
0-0: Called Strike 0-1: Ground out 5-3 (Groundball, 56S, EV 82.5 MPH)
|
Top of the 4th over - 2 runs, 3 hits, 0 errors, 2 left on base; Baltimore 2 - Oakland 1 |
BOTTOM OF THE 4TH |
Oakland Athletics batting - Pitching for Baltimore Orioles : RHP Andrew Castillo
|
Batting: RHB Earl C Williams
|
0-0: Ball 1-0: Ball 2-0: Called Strike 2-1: Ball 3-1: Foul Ball, location: 2F 3-2: Strikes out swinging
|
Batting: LHB Ben Oglivie
|
0-0: Ball 1-0: Foul Ball, location: 2F 1-1: Ball 2-1: Fly out, F7 (Flyball, 7, EV 84.4 MPH)
|
Batting: RHB Barry Evans
|
0-0: Called Strike 0-1: Ball 1-1: Called Strike 1-2: Ball 2-2: Ball 3-2: Base on Balls
|
Batting: RHB Fred Andrews
|
0-0: Ball 1-0: Called Strike Barry Evans steals 2nd base 1-1: Ball 2-1: SINGLE (Line Drive, 4MD, EV 96.9 MPH) Barry Evans to third Runner from 3rd tries for Home, SAFE, throw by CF to home
|
Batting: RHB Scott Fletcher
|
0-0: Called Strike 0-1: Ball 1-1: Swinging Strike 1-2: Foul Ball, location: 2F 1-2: Foul Ball, location: 2F 1-2: Foul Ball, location: 2F 1-2: Foul Ball, location: 2F 1-2: Ball 2-2: Strikes out looking
|
Bottom of the 4th over - 1 run, 1 hit, 0 errors, 1 left on base; Baltimore 2 - Oakland 2 |
TOP OF THE 5TH |
Baltimore Orioles batting - Pitching for Oakland Athletics : RHP Dan Larson
|
Batting: RHB Garth Iorg
|
0-0: Ball 1-0: Foul Ball, location: 2F 1-1: Foul Ball, location: 2F 1-2: SINGLE (Line Drive, 8LS, EV 89.4 MPH)
|
Batting: SHB Willie McGee
|
0-0: Ball 1-0: Foul Ball, location: 2F 1-1: Foul Ball, location: 2F 1-2: Foul Ball, location: 2F 1-2: Ball 2-2: Fielders Choice at 2nd, 6-4 (Groundball, 6, EV 81.9 MPH)
|
Batting: SHB Johnny Ray
|
0-0: Called Strike 0-1: Fly out, F9 (Flyball, 9D, EV 86.9 MPH)
|
Batting: LHB Dave Parker
|
0-0: Ball 1-0: Called Strike Willie McGee steals 2nd base (no throw) 1-1: Called Strike 1-2: Ball 2-2: Strikes out swinging
|
Top of the 5th over - 0 runs, 1 hit, 0 errors, 1 left on base; Baltimore 2 - Oakland 2 |
BOTTOM OF THE 5TH |
Oakland Athletics batting - Pitching for Baltimore Orioles : RHP Andrew Castillo
|
Batting: LHB Ruppert Jones
|
0-0: Ball 1-0: Ball 2-0: Fly out, F7 (Flyball, 7, EV 80.6 MPH)
|
Batting: RHB Dave Henderson
|
0-0: Ball 1-0: Ball 2-0: Foul Ball, location: 2F 2-1: Ball 3-1: Called Strike 3-2: Ground out 5-3 (Groundball, 56, EV 87.5 MPH)
|
Batting: LHB Reggie Jackson
|
0-0: Fly out, F9 (Flyball, 89M, EV 85.0 MPH)
|
Bottom of the 5th over - 0 runs, 0 hits, 0 errors, 0 left on base; Baltimore 2 - Oakland 2 |
TOP OF THE 6TH |
Baltimore Orioles batting - Pitching for Oakland Athletics : RHP Dan Larson
|
Batting: RHB Dwight Evans
|
0-0: Ball 1-0: Ball 2-0: Fly out, F4 (Flyball, 34D, EV 90.0 MPH)
|
Batting: LHB Fred Lynn
|
0-0: Ball 1-0: Called Strike 1-1: SINGLE (Groundball, 6D, EV 94.4 MPH)
|
Batting: SHB Steve R Ontiveros
|
0-0: Called Strike 0-1: Fly out, F8 (Line Drive, 8LM, EV 92.5 MPH)
|
Batting: RHB Matt Rice
|
0-0: Ball 1-0: Swinging Strike 1-1: Ball 2-1: DOUBLE (Groundball, 5L, EV 105.6 MPH) Fred Lynn to third Runner from 3rd tries for Home, SAFE, throw by LF to trailing runner, SAFE at third!
|
Batting: RHB Jim Sundberg
|
0-0: Ball 1-0: Ball 2-0: Ball 3-0: Called Strike 3-1: Foul Ball, location: 2F 3-2: Base on Balls
|
Batting: RHB Garth Iorg
|
0-0: SINGLE (Line Drive, 3D, EV 104.4 MPH) Matt Rice scores Jim Sundberg to second
|
Batting: SHB Willie McGee
|
0-0: Ball 1-0: SINGLE (Groundball, 4D, EV 102.5 MPH) Jim Sundberg to third Garth Iorg to second Runner from 3rd tries for Home, SAFE, throw by CF to home
|
Pitching: LHP Bob Falcon
|
|
Batting: SHB Johnny Ray
|
0-0: Ball 1-0: Ground out 4-3 (Groundball, 4, EV 108.8 MPH)
|
Top of the 6th over - 3 runs, 4 hits, 0 errors, 2 left on base; Baltimore 5 - Oakland 2 |
BOTTOM OF THE 6TH |
Oakland Athletics batting - Pitching for Baltimore Orioles : RHP Andrew Castillo
|
Batting: RHB George Hendrick
|
0-0: Ball 1-0: Fly out, F7 (Flyball, 7S, EV 88.1 MPH)
|
Batting: RHB Earl C Williams
|
0-0: Called Strike 0-1: Ball 1-1: Ball 2-1: Swinging Strike 2-2: Ball 3-2: Strikes out looking
|
Batting: LHB Ben Oglivie
|
0-0: Ball 1-0: Ball 2-0: Fly out, F7 (Flyball, 78XD, EV 103.8 MPH)
|
Bottom of the 6th over - 0 runs, 0 hits, 0 errors, 0 left on base; Baltimore 5 - Oakland 2 |
TOP OF THE 7TH |
Baltimore Orioles batting - Pitching for Oakland Athletics : LHP Bob Falcon
|
Batting: LHB Dave Parker
|
0-0: Ball 1-0: Ball 2-0: Ground out 1-3 (Groundball, 13S, EV 73.8 MPH)
|
Batting: RHB Dwight Evans
|
0-0: Ball 1-0: Ball 2-0: Ball 3-0: Called Strike 3-1: Fly out, F8 (Flyball, 8RXD, EV 93.1 MPH)
|
Batting: LHB Fred Lynn
|
0-0: Called Strike 0-1: Ball 1-1: Ball 2-1: Ball 3-1: Base on Balls
|
Batting: SHB Steve R Ontiveros
|
0-0: Ball 1-0: Ball 2-0: Called Strike 2-1: Ball 3-1: Base on Balls Fred Lynn to second
|
Batting: RHB Matt Rice
|
0-0: Swinging Strike 0-1: Swinging Strike 0-2: Strikes out looking
|
Top of the 7th over - 0 runs, 0 hits, 0 errors, 2 left on base; Baltimore 5 - Oakland 2 |
BOTTOM OF THE 7TH |
Oakland Athletics batting - Pitching for Baltimore Orioles : RHP Andrew Castillo
|
Now in CF: Mark Brouhard
|
|
Batting: RHB Barry Evans
|
0-0: Fly out, F8 (Line Drive, 8LM, EV 88.1 MPH)
|
Batting: RHB Fred Andrews
|
0-0: Ground out 3-1 (Groundball, 34S, EV 66.3 MPH)
|
Batting: RHB Scott Fletcher
|
0-0: Ball 1-0: Ball 2-0: Swinging Strike 2-1: Ground out 6-3 (Groundball, 6, EV 106.3 MPH)
|
Bottom of the 7th over - 0 runs, 0 hits, 0 errors, 0 left on base; Baltimore 5 - Oakland 2 |
TOP OF THE 8TH |
Baltimore Orioles batting - Pitching for Oakland Athletics : LHP Bob Falcon
|
Batting: RHB Jim Sundberg
|
0-0: Foul Ball, location: 2F 0-1: Ball 1-1: Ball 2-1: Foul Ball, location: 2F 2-2: Strikes out swinging
|
Batting: RHB Garth Iorg
|
0-0: Ball 1-0: SINGLE (Groundball, 6S, EV 63.1 MPH) (infield hit)
|
Batting: SHB Willie McGee
|
0-0: Ball 1-0: Foul Ball, location: 2F 1-1: Ball 2-1: Ball 3-1: Foul Ball, location: 2F 3-2: Base on Balls Garth Iorg to second
|
Batting: SHB Johnny Ray
|
0-0: Ball 1-0: Fly out, F6 (Popup, 6S, EV 75.0 MPH)
|
Batting: RHB Mark Brouhard
|
0-0: Fly out, F8 (Flyball, 8LD, EV 96.9 MPH)
|
Top of the 8th over - 0 runs, 1 hit, 0 errors, 2 left on base; Baltimore 5 - Oakland 2 |
BOTTOM OF THE 8TH |
Oakland Athletics batting - Pitching for Baltimore Orioles : RHP Andrew Castillo
|
Now at 3B: Mike Henderson
|
|
Batting: LHB Ruppert Jones
|
0-0: Ball 1-0: Ball 2-0: Called Strike 2-1: Ball 3-1: Called Strike 3-2: Strikes out swinging
|
Batting: RHB Dave Henderson
|
0-0: Ball 1-0: Swinging Strike 1-1: Fly out, F8 (Flyball, 8RD, EV 93.8 MPH)
|
Pitching: RHP Robert Weismore
|
|
Batting: LHB Reggie Jackson
|
0-0: Ground out 6-3 (Groundball, 6M, EV 83.8 MPH)
|
Bottom of the 8th over - 0 runs, 0 hits, 0 errors, 0 left on base; Baltimore 5 - Oakland 2 |
TOP OF THE 9TH |
Baltimore Orioles batting - Pitching for Oakland Athletics : LHP Bob Falcon
|
Batting: RHB Dwight Evans
|
0-0: Fly out, F9 (Flyball, 89D, EV 98.1 MPH)
|
Batting: LHB Fred Lynn
|
0-0: Called Strike 0-1: Swinging Strike 0-2: Fly out, F8 (Flyball, 8LM, EV 94.4 MPH)
|
Batting: SHB Steve R Ontiveros
|
0-0: Ball 1-0: Reached on error, E2 (Groundball, 15S, EV 64.4 MPH)
|
Batting: RHB Matt Rice
|
0-0: Called Strike 0-1: Called Strike 0-2: Ball 1-2: Strikes out looking
|
Top of the 9th over - 0 runs, 0 hits, 1 error, 1 left on base; Baltimore 5 - Oakland 2 |
BOTTOM OF THE 9TH |
Oakland Athletics batting - Pitching for Baltimore Orioles : RHP Robert Weismore
|
Batting: RHB George Hendrick
|
0-0: Ball 1-0: Foul Ball, location: 2F 1-1: Foul Ball, location: 2F 1-2: Ball 2-2: SOLO HOME RUN (Flyball, 78XD, EV 96.9 MPH), Distance : 407 ft
|
Batting: RHB Earl C Williams
|
0-0: Called Strike 0-1: Swinging Strike 0-2: Strikes out swinging
|
Batting: LHB Ben Oglivie
|
0-0: DOUBLE (Line Drive, 9LS, EV 109.4 MPH)
|
Batting: RHB Barry Evans
|
0-0: Ball 1-0: Ball 2-0: Called Strike 2-1: Foul Ball, location: 2F 2-2: Ball 3-2: Fly out, F8 (Flyball, 89D, EV 98.1 MPH) Runner from 2nd tags up, SAFE at 3rd, no throw by CF
|
Pinch Hitting: SHB Chico Walker
|
0-0: Called Strike 0-1: Ground out 5-3 (Groundball, 56S, EV 86.9 MPH)
|
Bottom of the 9th over - 1 run, 2 hits, 0 errors, 1 left on base; Baltimore 5 - Oakland 3 |
|